Map: Hielo y cromo EE

Players

tracer

  • Race: Protoss Protoss
  • League: Platinum
  • Spawn Location: 1:00

MrFercho - Winner!

  • Race: Zerg Zerg
  • League: Gold
  • Spawn Location: 7:00

VOD

Have the link to the VOD?

Description

Time

  • Played on: Aug. 8, 2020, 9:40 p.m.
  • Length: 11:31
Show
View Real Time Build Order
Export as new Build Order

tracer Protoss 

Build Orders: Zealot Archon 

Get SALT Encoding   

  12  0:01  Probe  
  13  0:20  Pylon, Probe  
  14  0:32  Probe (Chrono Boost)  
  16  0:44  Gateway, Probe (Chrono Boost)  
  16  0:49  Probe (Chrono Boost)  
  16  0:52  Assimilator  
  17  0:59  Probe  
  18  1:06  Pylon  
  18  1:11  Probe  
  19  1:23  Probe  
  20  1:34  Cybernetics Core  
  20  1:35  Probe  
  20  1:38  Pylon  
  21  1:44  Assimilator  
  21  1:47  Probe  
  22  2:05  Gateway  
  22  2:08  Probe  
  22  2:11  Warp Gate (Chrono Boost)  
  23  2:21  Stalker  
  25  2:31  Nexus  
  25  2:35  Probe  
  26  2:48  Probe  
  27  2:55  Stalker  
  27  2:56  Stalker  
  31  3:03  Probe  
  32  3:16  Probe  
  32  3:19  Pylon  
  33  3:35  Assimilator  
  33  3:36  Probe (Chrono Boost)  
  33  3:37  Assimilator  
  33  3:39  Forge  
  34  3:47  Probe (Chrono Boost)  
  36  3:52  Probe (Chrono Boost)  
  36  3:54  Probe (Chrono Boost)  
  37  3:57  Sentry  
  37  3:59  Stalker, Probe  
  37  4:02  Probe  
  43  4:11  Probe  
  43  4:12  Protoss Ground Weapons Level 1 (Chrono Boost)  
  43  4:14  Probe  
  43  4:15  Gateway  
  45  4:18  Gateway  
  45  4:23  Probe  
  46  4:26  Probe  
  47  4:32  Twilight Council  
  47  4:35  Probe  
  48  4:39  Probe  
  48  4:42  Stalker  
  51  4:47  Stalker  
  53  4:54  Probe x2  
  55  5:03  Charge  
  55  5:06  Stalker, Probe x2  
  59  5:17  Stalker  
  61  5:22  Pylon  
  61  5:24  Pylon  
  61  5:29  Pylon  
  61  5:36  Photon Cannon  
  61  5:43  Photon Cannon  
  61  5:44  Stalker x3  
  67  5:51  Protoss Ground Weapons Level 2 (Chrono Boost)  
  67  5:55  Pylon  
  67  5:56  Templar Archives  
  67  6:02  Stalker  
  69  6:16  Robotics Facility  
  69  6:18  Probe  
  69  6:19  Probe  
  69  6:21  Stalker x2  
  75  6:30  Probe  
  75  6:31  Probe  
  77  6:37  High Templar x2  
  81  6:43  Archon  
  77  6:53  Gateway x2  
  65  7:06  Stalker x2  
  65  7:07  Nexus  
  67  7:09  Pylon  
  67  7:16  Stalker, Zealot  
  67  7:22  Probe x2  
  73  7:32  Gateway  
  73  7:33  Gateway  
  73  7:34  Pylon, Probe x2  
  75  7:54  Zealot  
  75  7:55  Protoss Ground Weapons Level 3 (Chrono Boost), Zealot x5  
  87  8:01  Psionic Storm  
  87  8:10  Blink  
  87  8:16  High Templar  
  87  8:17  High Templar  
  87  8:19  High Templar  
  93  8:20  High Templar  
  93  8:22  Archon  
  93  8:24  Zealot  
  93  8:25  Zealot  
  93  8:26  Archon  
  99  8:30  Probe x3  
  102  8:39  Assimilator  
  102  8:42  Stalker, Probe x2  
  102  8:43  Assimilator  
  102  8:44  Zealot  
  108  9:03  Zealot x6  
  108  9:04  Zealot  
  84  9:25  Zealot x8  
  84  9:29  Immortal (Chrono Boost)  
  76  9:46  Stalker x4  
  76  9:47  Stalker  
  86  10:00  Observer (Chrono Boost)  
  86  10:04  Zealot  
  86  10:05  Zealot x2  
  79  10:10  Zealot  
  79  10:11  Zealot x2  
  79  10:12  Immortal  
  82  10:17  Zealot x2  
  71  10:25  Zealot x2  
  71  10:26  Zealot  
  59  10:36  Stalker x2  
  59  10:37  Stalker x2  
  59  10:39  Stalker  
  63  10:45  Zealot x2  
  63  10:56  Stalker x2  
  65  11:09  Zealot x4  
  54  11:21  Stalker x2  
Show
View Real Time Build Order
Export as new Build Order

MrFercho Zerg - Winner!

Build Orders: Hatch First 

Get SALT Encoding   

  12  0:00  Drone  
  13  0:16  Overlord  
  13  0:18  Drone  
  14  0:34  Drone x2  
  16  0:51  Hatchery  
  16  0:54  Drone  
  16  0:59  Drone  
  16  1:00  Drone  
  18  1:13  Extractor  
  17  1:19  Spawning Pool  
  17  1:20  Drone  
  17  1:29  Drone  
  18  1:33  Drone  
  19  1:46  Drone  
  20  1:57  Overlord  
  20  2:05  Queen x2, Drone  
  20  2:08  Zergling x2  
  26  2:14  Zergling x2  
  27  2:18  Drone  
  28  2:26  Drone x2  
  30  2:37  Overlord  
  30  2:38  Drone  
  31  2:45  Queen  
  33  2:52  Lair  
  33  2:54  Drone x2  
  35  2:58  Drone x2  
  37  3:10  Roach Warren  
  37  3:12  Drone x2  
  38  3:14  Evolution Chamber  
  37  3:21  Drone  
  37  3:22  Drone x3  
  41  3:32  Drone x3  
  44  3:35  Overlord  
  44  3:50  Extractor, Glial Reconstitution  
  44  3:52  Extractor, Zerg Missile Weapons Level 1  
  42  4:02  Overlord  
  42  4:03  Evolution Chamber  
  42  4:05  Drone x3  
  42  4:06  Drone  
  42  4:07  Drone x2  
  42  4:08  Drone  
  48  4:10  Queen  
  50  4:34  Roach x5  
  50  4:35  Overlord x2  
  60  4:46  Zerg Ground Armor Level 1  
  60  5:08  Hatchery  
  60  5:09  Roach x5  
  69  5:31  Overlord x2  
  69  5:33  Zergling x6  
  69  5:34  Zergling x4  
  74  5:57  Drone x4  
  78  6:05  Hydralisk Den  
  78  6:06  Roach  
  78  6:07  Overlord  
  79  6:24  Roach x4  
  79  6:25  Roach  
  89  6:27  Zerg Missile Weapons Level 2  
  80  6:52  Roach x9  
  80  6:53  Roach x2  
  98  7:14  Drone  
  98  7:15  Drone x7  
  106  7:16  Overlord x3  
  104  7:25  Zerg Ground Armor Level 2  
  104  7:33  Queen  
  104  7:35  Grooved Spines  
  106  7:39  Extractor, Infestation Pit  
  106  7:40  Drone x3  
  107  7:46  Hatchery  
  106  7:52  Drone  
  106  7:53  Drone x3  
  106  7:54  Drone x5  
  106  7:57  Extractor  
  114  7:59  Extractor, Overlord x3  
  113  8:10  Queen  
  117  8:34  Roach x10  
  117  8:35  Roach x3  
  141  8:47  Hatchery, Muscular Augments  
  124  9:20  Roach  
  124  9:21  Roach x17  
  136  9:49  Drone x3  
  109  10:29  Roach  
  109  10:30  Roach x14  
  109  10:31  Queen  
  109  10:34  Overlord x3  
  137  10:51  Roach x6  
Tags
 
Composition
Zealot Archon
Matchup
PvZ
Replay Pack
MrFercho
Spawn Locations
Cross Positions
Add a new tag
Caveats
  • Supply blocks, unpowered buildings, or Contaminate may cause inaccurate times.
  • Supply counts are checked every 10 seconds.